 Dungeon Crawl Stone Soup version 0.21-a0-591-g2314aa1 (webtiles) character file.

266 Amnesiac the Conjurer (level 6, -1/36 HPs)
             Began as a Deep Elf Ice Elementalist on Dec 22, 2017.
             Slain by Grinder (5 damage)
             ... on level 3 of the Dungeon.
             The game lasted 00:05:02 (2678 turns).

Amnesiac the Conjurer (Deep Elf Ice Elementalist)   Turns: 2678, Time: 00:05:03

Health: -1/36      AC:  8    Str:  5    XL:     6   Next: 0%
Magic:  11/12      EV: 16    Int: 22    God:
Gold:   144        SH:  0    Dex: 18    Spells: 3/11 levels left

rFire    . . .     SeeInvis .   r - +2 dagger (venom)
rCold    . . .     Gourm    .   (no shield)
rNeg     . . .     Faith    .   a - +0 robe
rPois    .         Spirit   .   h - +0 helmet
rElec    .         Reflect  .   (no cloak)
rCorr    .         Harm     .   (no gloves)
MR       .....                  (no boots)
Stlth    ++........             (no amulet)
HPRegen  0.12/turn              l - +3 ring of dexterity
MPRegen  0.13/turn              n - +3 ring of evasion

@: icy armour, slow
A: no striking features
a: no special abilities


You were on level 3 of the Dungeon.
You were very hungry.

You visited 1 branch of the dungeon, and saw 3 of its levels.

You collected 144 gold pieces.

Inventory:

Hand Weapons
 q - a +0 hunting sling
 r - a +2 dagger of venom (weapon)
Missiles
 j - 123 stones (quivered)
 m - 7 curare-tipped needles
 o - a throwing net
 y - 12 poisoned needles
Armour
 a - a +0 robe (worn)
 h - a +0 helmet (worn)
Jewellery
 l - a +3 ring of dexterity (left hand)
 n - a +3 ring of evasion (right hand)
 x - a +4 ring of strength
Scrolls
 e - a scroll of blinking {!r, unknown}
 g - a scroll of amnesia {!r, unknown}
 k - 2 scrolls of magic mapping {!r, unknown}
 u - a scroll of teleportation {!r}
 v - a scroll of remove curse {!r, unknown}
 w - a scroll of noise {!r, unknown}
Potions
 d - a potion of berserk rage {!q}
 f - a potion of invisibility {!q, unknown}
 p - a potion of might {!q, unknown}
 s - a potion of brilliance {!q, unknown}
 t - 2 potions of haste {!q}
 A - a potion of cancellation {!q}
Books
 b - a book of Frost

   Spells                             Type                      Level
   a - Freeze                         Ice                          1
   b - Throw Frost                    Conjuration/Ice              2
   c - Ozocubu's Armour               Charms/Ice                   3
   d - Throw Icicle                   Conjuration/Ice              4
   e - Summon Ice Beast               Ice/Summoning                4
Comestibles
 c - 6 rations


   Skills:
 - Level 2.7 Fighting
 - Level 2.7 Dodging
 - Level 2.4 Stealth
 + Level 3.1 Spellcasting
 - Level 4.3 Conjurations
 - Level 4.2 Ice Magic


You had 3 spell levels left.
You knew the following spells:

 Your Spells              Type           Power        Failure   Level  Hunger
a - Freeze                Ice            ###.         2%          1    None
b - Ozocubu's Armour      Chrm/Ice       ##......     16%         3    ###....
d - Throw Icicle          Conj/Ice       ###.....     21%         4    ####...


Dungeon Overview and Level Annotations

Branches:
Dungeon (3/15)

Altars:
Nemelex Xobeh

Annotations:
D:3 Grinder


Message History

Grinder hits you.
You writhe in agony.
You closely miss Grinder.
Grinder is heavily wounded.
Grinder completely misses you.
You hit Grinder but do no damage.
Grinder is heavily wounded.
Grinder hits you but does no damage.
You hit Grinder but do no damage.
Grinder is heavily wounded.
Grinder closely misses you.
You hit Grinder but do no damage.
Grinder is heavily wounded.
Grinder hits you but does no damage.
You are feeling very hungry.
You hit Grinder.
Grinder is heavily wounded.
Grinder hits you.
You hit Grinder.
Grinder is heavily wounded.
Grinder gestures at you. Pain shoots through your body!
You hit Grinder.
Grinder is severely wounded.
Grinder hits you but does no damage.
You closely miss Grinder.
Grinder is severely wounded.
Grinder completely misses you.
You closely miss Grinder.
Grinder is severely wounded.
Grinder barely misses you.
Wield which item (- for none, * to show all)? (? for menu, Esc to quit)
Okay, then.
You closely miss Grinder.
Grinder is severely wounded.
Grinder completely misses you.
You closely miss Grinder.
Grinder is severely wounded.
Grinder hits you but does no damage.
You closely miss Grinder.
Grinder is severely wounded.
Grinder gestures at you. Pain shoots through your body!
* * * LOW HITPOINT WARNING * * *
You hit Grinder but do no damage.
Grinder is severely wounded.
Grinder gestures at you.
You suddenly lose the ability to move!
Grinder hits you.
* * * LOW HITPOINT WARNING * * *
You writhe in agony.
* * * LOW HITPOINT WARNING * * *
Grinder gestures at you. Pain shoots through your body!
* * * LOW HITPOINT WARNING * * *
You can move again.
Unknown command.
Unknown command.
Unknown command.
Unknown command.
Really quaff
z - a potion of curing {!q}?
You feel better. Grinder hits you!
* * * LOW HITPOINT WARNING * * *
You writhe in agony.
You die...

####### #.....# #.....#
#.....#
########.....#####
#>.....'.........##
#.######.....###..#
+######.@...####)## #####
........5.###....5# #....
......)...# #...#.# #....
..........# #...#.# #....
..........# #...#.# #....
..........# #..5#.# #....
..........###...#.###....
..........'.........'....
..........########.##....


You could see Grinder.

Vanquished Creatures
  A water moccasin (D:3)
  2 orc priests (D:3)
  3 adders
  2 oozes
  A worm (D:2)
  3 dart slugs
  A leopard gecko (D:2)
  2 orcs (D:3)
  A ball python (D:1)
  7 bats
  2 giant cockroaches
  7 hobgoblins
  10 kobolds
  6 frilled lizards
  3 goblins
  6 rats
57 creatures vanquished.

Notes
Turn   | Place    | Note
-------+----------+-------------------------------------------
     0 | D:1      | Amnesiac the Deep Elf Ice Elementalist began the quest for the Orb.
     0 | D:1      | Reached XP level 1. HP: 10/10 MP: 6/6
    87 | D:1      | Reached skill level 1 in Fighting
   204 | D:1      | Reached XP level 2. HP: 9/16 MP: 1/8
   776 | D:1      | Reached XP level 3. HP: 20/21 MP: 5/9
  1118 | D:2      | Learned a level 3 spell: Ozocubu's Armour
  1339 | D:2      | Reached XP level 4. HP: 18/27 MP: 7/10
  1345 | D:2      | Learned a level 4 spell: Throw Icicle
  1911 | D:3      | Found a sparkling altar of Nemelex Xobeh.
  1993 | D:3      | Noticed a water moccasin
  1998 | D:3      | Killed a water moccasin
  1998 | D:3      | Reached XP level 5. HP: 22/31 MP: 3/11
  2303 | D:3      | Noticed Grinder
  2304 | D:3      | Paralysed by Grinder for 5 turns
  2316 | D:3      | Paralysed by Grinder for 3 turns
  2454 | D:3      | Reached XP level 6. HP: 36/36 MP: 9/12
  2675 | D:3      | Paralysed by Grinder for 3 turns
  2678 | D:3      | Slain by Grinder

Vault maps used:
D:1:      minmay_arrival_cross, chequers_big_river, kennysheep_boxes
D:3:      nemelex_dance_club_becter, uniq_grinder

Skill      XL: |  1  2  3  4 |
---------------+-------------+-----
Fighting       | 1 2 |  2.7
Ice Magic      | 4 |  4.2
Conjurations   | 4 |  4.3
Dodging        | |  2.7
Stealth        | |  2.4
Spellcasting   | |  3.1

Action                   |  1- 3 |  4- 6 || total
-------------------------+-------+-------++-------
Melee: Dagger            |    36 |    60 ||    96
       Unarmed           |     2 |       ||     2
 Cast: Freeze            |    50 |    15 ||    65
       Ozocubu's Armour  |     3 |     4 ||     7
       Throw Icicle      |       |     4 ||     4
  Use: Scroll            |       |     3 ||     3
       Potion            |       |     2 ||     2
 Stab: Sleeping          |     1 |     3 ||     4
  Eat: Chunk             |     1 |     5 ||     6
Armor: Robe              |    15 |     7 ||    22
Dodge: Dodged            |    54 |    31 ||    85

Table legend:
 A = Spawn XP
 B = Non-spawn XP
 C = Spawn XP percentage of total XP
 D = Spawn monster count
 E = Non-spawn monster count
 F = Spawn count percentage of total count
 G = Total turns spent on level
                    A         B        C        D         E        F      G
               +---------+---------+-------+---------+---------+-------+---------
         Total |       0 |     380 |   0.0 |       0 |      57 |   0.0 |  2678
               +---------+---------+-------+---------+---------+-------+---------
           D:1 |       0 |      43 |   0.0 |       0 |      21 |   0.0 |  1048
           D:2 |       0 |      62 |   0.0 |       0 |      22 |   0.0 |   698
           D:3 |       0 |     275 |   0.0 |       0 |      14 |   0.0 |   932
               +---------+---------+-------+---------+---------+-------+---------
